 Dungeon Crawl Stone Soup version 0.19.4-8-ga85b6b9 (webtiles) character file.

206317 protoss039 the Slayer (level 18, -5/163 HPs)
             Began as a Minotaur Berserker on Feb 7, 2017.
             Was the Champion of Trog.
             Killed by drain life
             ... invoked by a soul eater
             ... summoned by a deep elf demonologist
              (8 damage)
             ... on level 3 of the Elven Halls.
             The game lasted 03:06:16 (32509 turns).

protoss039 the Slayer (Minotaur Berserker)         Turns: 32509, Time: 03:06:22

Health: -5/163     AC: 13    Str: 35    XL:     18   Next: 44%
Magic:  8/8        EV: 19    Int:  3    God:    Trog [******]
Gold:   1134       SH: 27    Dex: 29    Spells: 0 memorised, 17 levels left

rFire  + . .     SeeInvis +     T - +3 broad axe (freeze)
rCold  + + .     Gourm    .     b - +2 scale mail {rF+}
rNeg   + . .     Faith    .     z - +0 large shield
rPois  +         Spirit   .     v - +1 hat {SInv}
rElec  +         Reflect  .     F - +2 cloak "Muhef" {rF- Regen+ MP-9 Dex+10}
rCorr  .         Harm     .     U - +0 pair of gloves
MR     ++++.                    (no boots)
Stlth  ++........               u - amulet "Nunyfisoqic" {*Slow Regen+ Str+4 Dex+3 Stlth+}
                                E - ring "Ychon" {rF+ MR+ Str+3}
                                H - ring of Siwiman {rPois rC+ rN+ Int-3 Dex+2}

@: corroded, regenerating
A: retaliatory headbutt, horns 2, talons 1, agile 1, clever 1, cold resistance
1, frail 1, mutation resistance 1, electricity resistance, slow regeneration 1,
wild magic 1
a: Berserk, Trog's Hand, Brothers in Arms, Burn Spellbooks, Renounce Religion


You were on level 3 of the Elven Halls.
You worshipped Trog.
Trog was exalted by your worship.
You were hungry.

You visited 4 branches of the dungeon, and saw 26 of its levels.
You visited the Abyss 2 times.
You visited 1 bazaar.
You also visited: Labyrinth, Sewer, Wizlab and Desolation.

You collected 2583 gold pieces.
You spent 1449 gold pieces at shops.

Inventory:

Hand Weapons
 e - the +4 broad axe "Pato" {chop, +Inv Int-5 SInv Stlth+}
   (You found it in the Desolation of Salt)

   It inflicts extra damage upon your enemies.
   It affects your intelligence (-5).
   It lets you see invisible.
   It lets you turn invisible.
   It makes you more stealthy.
 s - a +5 antimagic broad axe
 S - a +2 hand axe of chopping
 T - a +3 broad axe of freezing (weapon)
Armour
 b - a +2 scale mail of fire resistance (worn)
 v - a +1 hat of see invisible (worn)
 z - a +0 large shield (worn)
 D - +0 ice dragon scales
 F - the +2 cloak "Muhef" (worn) {rF- Regen+ MP-9 Dex+10}
   (You found it in the Desolation of Salt)

   It affects your dexterity (+10).
   It makes you vulnerable to fire.
   It affects your magic capacity (-9).
   It increases your rate of regeneration.
 M - the +1 cloak of Pride {Int+3}
   (You acquired it on level 7 of the Dungeon)

   It affects your intelligence (+3).
 U - a +0 pair of gloves (worn)
Jewellery
 h - a +6 ring of protection
 u - the amulet "Nunyfisoqic" (around neck) {*Slow Regen+ Str+4 Dex+3 Stlth+}
   (You found it in the Desolation of Salt)

   [amulet of regeneration]

   It affects your strength (+4).
   It affects your dexterity (+3).
   It increases your rate of regeneration.
   It may slow you when you take damage.
   It makes you more stealthy.
 E - the ring "Ychon" (right hand) {rF+ MR+ Str+3}
   (You found it in the Desolation of Salt)

   [ring of protection from fire]

   It affects your strength (+3).
   It protects you from fire.
   It affects your resistance to hostile enchantments.
 H - the ring of Siwiman (left hand) {rPois rC+ rN+ Int-3 Dex+2}
   (You found it in the Desolation of Salt)

   [ring of poison resistance]

   It affects your intelligence (-3).
   It affects your dexterity (+2).
   It protects you from cold.
   It protects you from poison.
   It protects you from negative energy.
 L - an uncursed ring of flight
Wands
 m - a wand of digging (24/24)
 G - a wand of disintegration (15/24)
Scrolls
 a - 4 scrolls of enchant weapon
 g - 11 scrolls of enchant armour
 j - 12 scrolls of remove curse
 k - a scroll of magic mapping
 l - 15 scrolls of teleportation
 n - 3 scrolls of fear
 y - 5 scrolls of identify
 B - a scroll of silence
 O - 2 scrolls of blinking
 Y - 4 scrolls of recharging
Potions
 d - 8 potions of might
 o - a potion of beneficial mutation {unknown}
 q - 3 potions of agility
 r - 3 potions of lignification
 t - a potion of invisibility
 x - 2 potions of cure mutation
 A - 2 potions of haste
 C - 7 potions of brilliance {unknown}
 N - 3 potions of curing
 P - 3 potions of resistance
 R - a potion of mutation
Books
 J - a book of Transfigurations

   Spells                             Type                      Level
   a - Irradiate                      Conjuration/Transmutation    5
   b - Statue Form                    Transmutation/Earth          6
   c - Hydra Form                     Transmutation                6
   d - Dragon Form                    Transmutation                7
   Trog disapproves of the use of such an item.
Comestibles
 c - 17 bread rations
 i - 14 meat rations
 p - 3 slices of pizza
 w - 8 beef jerkies
 K - 61 fruits
 Q - 3 royal jellies


   Skills:
 * Level 21.6 Fighting
 - Level 18.0 Axes
 + Level 12.9 Armour
 - Level 8.3 Dodging
 * Level 21.3 Shields


You had 17 spell levels left.
You didn't know any spells.

Dungeon Overview and Level Annotations

Branches:
Dungeon (15/15)            Temple (0/1) D:4            Lair (6/6) D:11
  Swamp (0/4) Lair:3        Snake (0/4) Lair:3        Slime (0/5) Lair:5
    Orc (2/2) D:11            Elf (3/3) Orc:2        Vaults (0/5) D:13
 Depths (0/5) D:15

Altars:
Ashenzari
Gozag
Okawaru
Qazlal
Sif Muna
Xom
Yredelemnul
The Shining One
Beogh

Shops:
D:7 %?[   D:9 ?   D:13 !   Orc:2 }[*%(*

Portals:
Pandemonium: Orc:2

Annotations:
Lair:5 exclusion: oklob plant


Innate Abilities, Weirdness & Mutations

You reflexively headbutt those who attack you in melee.
You have a pair of horns on your head.
You have sharp toenails.
You are agile. (Dex +2)
Your mind is acute. (Int +2)
Your flesh is cold resistant. (rC+)
You are frail. (-10% HP)
You are somewhat resistant to further mutation.
You are resistant to electric shocks. (rElec)
You regenerate slowly when monsters are visible.
Your spells are a little harder to cast, but a little more powerful.


Message History

The deep elf master archer looks frightened!
The soul eater is unaffected.
The chaos spawn is unaffected.
The deep elf demonologist looks frightened!
The Executioner hits you but does no damage.
You block the Executioner's attack. The Executioner completely misses you.
You block the Executioner's attack. x3; The Executioner closely misses you.
You furiously retaliate!
You headbutt the Executioner, but do no damage.
You block the Executioner's attack.
The Executioner hits you but does no damage.
Unknown command.
Unknown command.
You block the Executioner's attack. x2; The Executioner hits you.
* * * LOW HITPOINT WARNING * * *
The Executioner hits you!
* * * LOW HITPOINT WARNING * * *
The Executioner hits you but does no damage.
The Executioner completely misses you.
The soul eater draws from the surrounding life force!
You die...

########.# #.# #..)...##.# #.#
#.# ##...#.#.## #.#
#.###)..###.## #.# #.##.##.##.##
####.#### ##(..##.#.## #
##...e..#. ##..##...### ## #
##......3e###..........###.
###.EE#.......)4.#)###.....<.##.#
#........)....?1@.## ###...###.##
#.EEEe)........()## ##.###.###
#.)e..EE.......(## ##.#.##..
###2##........### ##..#...
*#.e.####..#### #....#..
,#e4e#,,##* #....###
,#(41#,,,,*** ##########..####
*##1##*,,,,,*** #............(..
*,eeee***,,,,,***################


You could see a deep elf master archer (fleeing), an Executioner, a soul eater,
a deep elf demonologist (fleeing) and a chaos spawn.

Vanquished Creatures
  A bone dragon (Abyss:3)
  Rupert (D:13)
  A deep elf master archer (Elf:2)
  2 deep elf blademasters
  A tentacled starspawn (Abyss:3)
  2 deep elf sorcerers
  An orc warlord (Orc:1)
  An imperial myrmidon (Desolation)
  4 deep elf elementalists (Elf:3)
  2 stone giants
  Nessos (Lair:5)
  6 deep elf annihilators
  Azrael (D:13)
  Snorg (D:13)
  A halazid warlock (Desolation)
  3 deep elf demonologists (Elf:3)
  The ghost of TryAgain the Fighter, a journeyman GrFi of the Shining One (Lair:6)
  4 crystal guardians (Desolation)
  A minotaur (Lab)
  4 ragged hierophants (Desolation)
  A yaktaur captain (D:13)
  5 hydras
  2 deep elf high priests (Elf:3)
  10 servants of whispers (Desolation)
  2 ice dragons (D:15)
  A rakshasa (D:15)
  A centaur warrior (D:11)
  8 peacekeepers
  4 catoblepae
  25 dancing weapons
  An ogre mage (D:15)
  6 death yaks
  10 orc high priests
  Urug (D:15)
  3 thrashing horrors
  A sixfirhy (Orc:2)
  18 deep elf knights
  3 unseen horrors
  3 skeletal warriors (D:15)
  A deep troll (Orc:2)
  2 infernal demonspawn (Orc:2)
  8 hill giants
  7 deep elf archers
  A necromancer (Lair:3)
  An ironbrand convoker (Desolation)
  A lindwurm (Lair:3)
  4 cyclopes
  52 deep elf magi
  8 orc knights
  14 ugly things
  7 orc sorcerers
  22 elephants
  3 manticores
  Maurice (D:11)
  2 molten gargoyles (Desolation)
  6 black mambas
  2 centaur zombies (D:15)
  2 guardian serpents (Desolation)
  13 spiny frogs
  A spiny frog (shapeshifter) (D:14)
  An orange demon (Orc:2)
  2 gargoyles
  2 smoke demons
  2 rime drakes
  A kobold demonologist (D:12)
  6 komodo dragons
  3 yaktaurs
  A rime drake (shapeshifter) (D:14)
  A hellwing (Abyss:3)
  A red devil (Orc:2)
  5 hornets
  10 blink frogs
  37 saltlings (Desolation)
  10 dream sheep
  4 polar bears (Lair:6)
  A wolf spider simulacrum (D:15)
  4 trolls
  6 two-headed ogres
  4 raiju (Abyss:3)
  3 small abominations (WizLab)
  11 slime creatures
  8 hippogriffs
  A large abomination (Abyss:3)
  A centaur simulacrum (D:15)
  2 wraiths
  13 spriggans (Lair:6)
  3 air elementals
  2 shadows
  2 water elementals
  3 ynoxinuls
  A vampire (D:15)
  5 wyverns
  54 yaks
  2 basilisks (Lair:6)
  A neqoxec (Abyss:3)
  5 fire elementals
  3 hungry ghosts
  Menkaure (D:7)
  3 wargs
  A naga (Lair:3)
  2 soldier ants
  2 hell hounds (D:13)
  5 porcupines
  6 sky beasts
  Duvessa (D:7)
  A spiny frog zombie (Abyss:3)
  A swamp drake (D:11)
  15 water moccasins
  A phantom (D:8)
  54 orc warriors
  6 black bears
  7 ice beasts
  2 eyes of draining
  5 boggarts
  5 centaurs
  19 ogres
  32 wolves
  11 crocodiles
  A gnoll sergeant (D:9)
  12 bullfrogs
  Dowan (D:7)
  A wyvern zombie (D:9)
  4 earth elementals
  27 killer bees
  4 scorpions
  6 wights
  An electric eel (Elf:3)
  3 howler monkeys
  8 crimson imps
  3 bullfrog skeletons
  3 jellies
  Crazy Yiuf (D:6)
  2 bullfrog zombies
  10 hounds
  30 orc priests
  23 orc wizards
  3 centaur skeletons
  Jessica (D:2)
  Ijyb (D:2)
  5 iguanas
  Natasha (D:2)
  4 yak simulacra (Lair:3)
  12 worker ants
  3 polar bear simulacra (Lair:3)
  2 wolf simulacra (Lair:3)
  2 hound skeletons
  10 gnolls
  11 adders
  6 shadow imps
  3 oozes
  A worm (D:4)
  A dart slug (D:2)
  6 leopard geckos
  112 orcs
  A ball python (D:3)
  12 giant cockroaches
  7 goblins
  12 hobgoblins
  11 jackals
  7 quokkas
  7 bats
  5 frilled lizards
  2 jackal skeletons (D:4)
  A jackal zombie (D:7)
  14 kobolds
  A quokka zombie (D:8)
  14 rats
  2 river rat simulacra (Lair:3)
  2 butterflies
  4 fungi
  A plant (Lair:3)
1130 creatures vanquished.

Vanquished Creatures (collateral kills)
  A peacekeeper (Desolation)
  3 saltlings (Desolation)
4 creatures vanquished.

Vanquished Creatures (others)
  A dancing weapon (Elf:2)
  2 deep elf knights
  11 fungi
  16 plants
  2 starspawn tentacles (Abyss:3)
32 creatures vanquished.

Grand Total: 1166 creatures vanquished

Notes
Turn   | Place    | Note
-------+----------+-------------------------------------------
     0 | D:1      | protoss039 the Minotaur Berserker began the quest for the Orb.
     0 | D:1      | Reached XP level 1. HP: 19/19 MP: 0/0
   142 | D:1      | Found a shimmering altar of Xom.
   205 | D:1      | Reached XP level 2. HP: 27/27 MP: 1/1
   889 | D:2      | Reached ** piety under Trog
  1067 | D:2      | Noticed Ijyb
  1078 | D:2      | Killed Ijyb
  1078 | D:2      | Reached XP level 3. HP: 30/33 MP: 2/2
  1201 | D:2      | Reached skill level 5 in Axes
  1203 | D:2      | Reached XP level 4. HP: 41/41 MP: 3/3
  1277 | D:2      | Noticed Jessica
  1284 | D:2      | Killed Jessica
  1392 | D:2      | Reached XP level 5. HP: 36/47 MP: 4/4
  1592 | D:2      | Noticed Natasha
  1606 | D:2      | Killed Natasha
  1990 | D:3      | Reached skill level 5 in Fighting
  1998 | D:3      | Reached XP level 6. HP: 36/56 MP: 5/5
  2132 | D:3      | Found a basalt altar of Yredelemnul.
  2163 | D:3      | Reached *** piety under Trog
  2448 | D:3      | Found an iron altar of Okawaru.
  2448 | D:3      | Found a glowing golden altar of the Shining One.
  2461 | D:3      | Found a shattered altar of Ashenzari.
  2463 | D:3      | Found a stormy altar of Qazlal.
  2464 | D:3      | Found a deep blue altar of Sif Muna.
  2632 | D:4      | Reached XP level 7. HP: 47/61 MP: 6/6
  3206 | D:4      | Found a staircase to the Ecumenical Temple.
  3347 | D:5      | Entered Level 5 of the Dungeon
  3426 | D:5      | Found a shattered altar of Ashenzari.
  3465 | D:5      | Reached skill level 1 in Shields
  3919 | D:6      | Got an ichor-stained long sword
  3929 | D:6      | Reached XP level 8. HP: 69/70 MP: 7/7
  3950 | D:6      | Found a glowing drain.
  3990 | Sewer    | Entered a sewer
  4002 | Sewer    | Reached **** piety under Trog
  4138 | D:6      | Identified the cursed +0 long sword of Spring {slice, Stlth+} (You found it on level 6 of the Dungeon)
  4379 | D:6      | Reached skill level 10 in Axes
  4474 | D:6      | Found a runed door.
  4478 | D:6      | Noticed Crazy Yiuf
  4481 | D:6      | Killed Crazy Yiuf
  4738 | D:6      | Reached skill level 5 in Armour
  4748 | D:6      | Reached XP level 9. HP: 71/78 MP: 8/8
  4994 | D:7      | Noticed Duvessa
  4994 | D:7      | Noticed Dowan
  5007 | D:7      | Killed Duvessa
  5021 | D:7      | Killed Dowan
  5116 | D:7      | Found Juedaesch's Food Emporium.
  5155 | D:7      | Found Kuinu's Magic Scroll Shop.
  5189 | D:7      | Reached ***** piety under Trog
  5234 | D:7      | Found Fyirchino's Armour Shoppe.
  5280 | D:7      | Bought a +0 large shield for 58 gold pieces
  5422 | D:7      | Reached skill level 5 in Shields
  5442 | D:7      | Gained mutation: You are clumsy. (Dex -2) [mutagenic meat]
  5443 | D:7      | Gained mutation: Armour fits poorly on your strangely shaped body. [mutagenic meat]
  5490 | D:7      | Noticed Menkaure
  5498 | D:7      | Killed Menkaure
  6451 | D:8      | Reached XP level 10. HP: 56/86 MP: 9/9
  7281 | D:9      | Gained mutation: You occasionally shout uncontrollably at your foes. [mutagenic meat]
  7282 | D:9      | Gained mutation: Scrolls take you a little longer to read. [mutagenic meat]
  7283 | D:9      | Gained mutation: Your spells are a little harder to cast, but a little more powerful. [mutagenic meat]
  7284 | D:9      | Gained mutation: You are somewhat resistant to further mutation. [mutagenic meat]
  7311 | D:9      | Noticed a catoblepas
  7323 | D:9      | Killed a catoblepas
  7323 | D:9      | Reached skill level 5 in Dodging
  7480 | D:9      | Got a warped ring mail
  7752 | D:9      | Found Uzebas's Magic Scroll Emporium.
  7767 | D:9      | Bought a scroll of fear for 49 gold pieces
  7767 | D:9      | Bought a scroll of magic mapping for 49 gold pieces
  7767 | D:9      | Bought a scroll of identify for 28 gold pieces
  8440 | D:10     | Entered Level 10 of the Dungeon
  8454 | D:10     | Noticed a hill giant
  8468 | D:10     | Killed a hill giant
  8489 | D:10     | Gained mutation: You passively map a small area around you. [mutagenic meat]
  8763 | D:10     | Noticed a hill giant
  8767 | D:10     | Killed a hill giant
  8767 | D:10     | Reached XP level 11. HP: 95/95 MP: 10/10
  9097 | D:11     | Noticed Maurice
  9118 | D:11     | Received a gift from Trog
  9161 | D:11     | Found a staircase to the Orcish Mines.
  9342 | D:11     | Noticed a centaur warrior
  9354 | D:11     | Killed a centaur warrior
  9354 | D:11     | Reached skill level 15 in Axes
  9586 | D:11     | Found a staircase to the Lair.
  9925 | D:11     | Killed Maurice
 10137 | D:11     | HP: 7/142 [manticore (11)]
 11191 | D:12     | Noticed a hill giant
 11200 | D:12     | Killed a hill giant
 11381 | D:12     | Received a gift from Trog
 11444 | D:12     | Gained mutation: You regenerate slowly when monsters are visible. [mutagenic meat]
 11912 | D:12     | Reached XP level 12. HP: 92/105 MP: 11/11
 12996 | D:13     | Noticed a yaktaur captain
 13567 | Lair:1   | Entered Level 1 of the Lair of Beasts
 13932 | Lair:1   | Reached skill level 10 in Fighting
 14022 | Lair:1   | Noticed an eight-headed hydra
 14040 | Lair:1   | Killed an eight-headed hydra
 14502 | Lair:2   | Reached skill level 10 in Shields
 14630 | Lair:2   | Noticed an eight-headed hydra
 14641 | Lair:2   | Killed an 11-headed hydra
 15344 | Lair:3   | Found a staircase to the Snake Pit.
 15477 | Lair:3   | Found a staircase to the Swamp.
 16210 | Lair:4   | Noticed a five-headed hydra
 16243 | Lair:4   | Reached XP level 13. HP: 114/114 MP: 12/12
 16538 | Lair:4   | Reached skill level 10 in Armour
 17763 | Lair:5   | Noticed Nessos
 17770 | Lair:5   | Received a gift from Trog
 17776 | Lair:5   | Killed Nessos
 18154 | Lair:5   | Found a staircase to the Slime Pits.
 18794 | D:7      | Bought a scroll of acquirement for 572 gold pieces
 18794 | D:7      | Bought 2 scrolls of identify for 44 gold pieces
 18798 | D:7      | Got a fine cloak
 18810 | D:7      | Identified the +1 cloak of Pride {Int+3} (You acquired it on level 7 of the Dungeon)
 18882 | D:7      | Lost mutation: You are clumsy. (Dex -2) [potion of cure mutation]
 18882 | D:7      | Lost mutation: You occasionally shout uncontrollably at your foes. [potion of cure mutation]
 18882 | D:7      | Lost mutation: Armour fits poorly on your strangely shaped body. [potion of cure mutation]
 18882 | D:7      | Lost mutation: You passively map a small area around you. [potion of cure mutation]
 18882 | D:7      | Lost mutation: Scrolls take you a little longer to read. [potion of cure mutation]
 19169 | Lair:6   | Entered Level 6 of the Lair of Beasts
 19329 | Lair:6   | Reached XP level 14. HP: 130/130 MP: 13/13
 19438 | Lair:6   | Noticed TryAgain's ghost (journeyman GrFi)
 19452 | Lair:6   | Received a gift from Trog
 19485 | Lair:6   | Killed TryAgain's ghost
 19618 | Lair:6   | Paralysed by a hornet for 2 turns
 20226 | Lair:6   | Reached skill level 15 in Fighting
 20662 | Lair:6   | Reached ****** piety under Trog
 21123 | Lair:6   | Received a gift from Trog
 21493 | Orc:1    | Entered Level 1 of the Orcish Mines
 21493 | Orc:1    | Noticed a stone giant
 21659 | Orc:1    | Killed a stone giant
 21744 | Orc:2    | Entered Level 2 of the Orcish Mines
 21927 | Orc:2    | Found Nulefueg's Assorted Antiques.
 21927 | Orc:2    | Found Rosm's Weapon Shop.
 22070 | Orc:2    | Found a staircase to the Elven Halls.
 22155 | Orc:2    | Found a roughly hewn altar of Beogh.
 22354 | Orc:2    | Reached XP level 15. HP: 138/144 MP: 14/14
 22416 | Orc:2    | Found Hiloy's Food Boutique.
 22423 | Orc:2    | Found Pehom's General Store.
 22514 | Orc:2    | Bought a scroll of identify for 20 gold pieces
 22601 | Orc:2    | Received a gift from Trog
 22916 | Orc:2    | Found Tiafauh's Antique Armour Shoppe.
 22916 | Orc:2    | Found a one-way gate leading to the halls of Pandemonium.
 22916 | Orc:2    | Found Leaqips's Gadget Emporium.
 23482 | Orc:1    | Noticed an orc warlord
 23498 | Orc:1    | Killed an orc warlord
 23971 | D:13     | Found a gate to the Vaults.
 24006 | D:13     | Noticed Snorg
 24009 | D:13     | Noticed Azrael
 24013 | D:13     | Killed Snorg
 24014 | D:13     | Received a gift from Trog
 24020 | D:13     | Killed Azrael
 24036 | D:13     | Found Yquts's Distillery.
 24199 | D:13     | Bought a potion of might for 56 gold pieces
 24199 | D:13     | Bought a potion of might for 56 gold pieces
 24199 | D:13     | Bought 2 potions of heal wounds for 140 gold pieces
 24199 | D:13     | Bought a potion of mutation for 35 gold pieces
 24199 | D:13     | Bought a potion of agility for 56 gold pieces
 24285 | D:13     | Reached skill level 15 in Shields
 24467 | D:13     | Noticed Rupert
 24475 | D:13     | Killed Rupert
 25615 | D:15     | Entered Level 15 of the Dungeon
 25661 | D:15     | Found a labyrinth entrance.
 25677 | Lab      | Entered a labyrinth
 26322 | D:15     | Noticed Urug
 26341 | D:15     | Killed Urug
 26341 | D:15     | Received a gift from Trog
 26429 | D:15     | Reached XP level 16. HP: 78/158 MP: 15/15
 26438 | D:15     | Gained mutation: You are resistant to electric shocks. (rElec) [mutagenic meat]
 26439 | D:15     | Gained mutation: You are agile. (Dex +2) [mutagenic meat]
 26763 | D:15     | Found a staircase to the Depths.
 27001 | D:15     | Found an opulent altar of Gozag.
 27255 | D:15     | Gained mutation: Your flesh is cold resistant. (rC+) [mutagenic meat]
 27257 | D:15     | Gained mutation: Your mind is acute. (Int +2) [mutagenic meat]
 27261 | D:15     | Gained mutation: You have sharp toenails. [mutagenic meat]
 27769 | Elf:1    | Entered Level 1 of the Elven Halls
 27862 | Elf:1    | Found a ruined gateway.
 27872 | Elf:1    | Received a gift from Trog
 27893 | Desolati | Entered the Desolation of Salt
 28421 | Desolati | Got a sparkling lapis lazuli ring
 28423 | Desolati | Identified the ring "Ychon" {rF+ MR+ Str+3} (You found it in the Desolation of Salt)
 28715 | Desolati | Got a scorched broad axe
 28718 | Desolati | Got a bound tin amulet
 28722 | Desolati | Got a slimy cloak
 28725 | Desolati | Identified the +4 broad axe "Pato" {chop, +Inv Int-5 SInv Stlth+} (You found it in the Desolation of Salt)
 28830 | Desolati | Got a warped wooden ring
 28871 | Desolati | Identified the +2 cloak "Muhef" {rF- Regen+ MP-9 Dex+10} (You found it in the Desolation of Salt)
 28871 | Desolati | Identified the amulet "Nunyfisoqic" {*Slow Regen+ Str+4 Dex+3 Stlth+} (You found it in the Desolation of Salt)
 28874 | Desolati | Lost intelligence.
 28874 | Desolati | Identified the ring of Siwiman {rPois rC+ rN+ Int-3 Dex+2} (You found it in the Desolation of Salt)
 29179 | Elf:1    | Reached XP level 17. HP: 136/169 MP: 7/16
 29346 | Elf:1    | Received a gift from Trog
 29856 | Elf:2    | Found a flickering gateway to a bazaar.
 29862 | Bazaar   | Entered a bazaar
 29870 | Bazaar   | Found Dizo's Weapon Shop.
 29874 | Bazaar   | Found Jeoz Piyfy's Assorted Antiques.
 29894 | Bazaar   | Found Ijisoytu's Book Shop.
 29907 | Bazaar   | Found Sidghidun's Distillery.
 29911 | Bazaar   | Bought a potion of heal wounds for 55 gold pieces
 29911 | Bazaar   | Bought a potion of curing for 33 gold pieces
 29911 | Bazaar   | Bought a potion of curing for 33 gold pieces
 29911 | Bazaar   | Bought a potion of heal wounds for 55 gold pieces
 29911 | Bazaar   | Bought a potion of haste for 110 gold pieces
 29969 | Elf:2    | Found a huge runed gate.
 29969 | Elf:2    | Found a huge runed gate.
 29969 | Elf:2    | Found a huge runed gate.
 30062 | Elf:2    | Received a gift from Trog
 30341 | Elf:2    | Found a huge runed gate.
 30346 | Elf:2    | Found a huge runed gate.
 30697 | Elf:2    | Noticed a deep elf blademaster
 30748 | Elf:2    | Killed a deep elf blademaster
 30940 | Elf:2    | Received a gift from Trog
 30982 | Elf:3    | Entered Level 3 of the Elven Halls
 31394 | Elf:3    | Reached XP level 18. HP: 180/182 MP: 2/17
 31445 | Elf:3    | Found a magical portal.
 31450 | WizLab   | Entered Cigotuvi's Fleshworks
 31834 | Elf:3    | Cast into level 2 of the Abyss (a deep elf demonologist)
 31867 | Elf:3    | Escaped the Abyss
 31885 | Elf:3    | Noticed a Brimstone Fiend
 31888 | Elf:3    | Noticed a Tzitzimitl
 32173 | Elf:3    | Noticed a Hell Sentinel
 32276 | Elf:3    | Cast into level 3 of the Abyss (a deep elf demonologist)
 32344 | Abyss:3  | Received a gift from Trog
 32421 | Abyss:3  | Noticed a lich
 32443 | Abyss:3  | Noticed a bone dragon
 32464 | Abyss:3  | Killed a bone dragon
 32464 | Abyss:3  | Gained mutation: You are frail. (-10% HP) [a neqoxec]
 32494 | Elf:3    | Escaped the Abyss
 32502 | Elf:3    | Noticed a Tzitzimitl
 32509 | Elf:3    | HP: 3/163 [Executioner[a deep elf demonologist] (13)]
 32509 | Elf:3    | Killed from afar by a soul eater

Skill      XL: |  1  2  3  4  5  6  7  8  9 10 11 12 13 14 15 16 17 18 |
---------------+-------------------------------------------------------+-----
Fighting       | 4 5 6 7 8 9 10 13 16 18 19 21 | 21.6
Axes           | 4 5 6 7 9 11 13 14 16 18 | 18.0
Dodging        | 3 4 5 6 7 8 |  8.3
Armour         | 3 4 5 6 7 8 9 10 11 12 | 12.9
Shields        | 1 3 5 7 9 10 12 13 15 18 20 21 | 21.3

Action                   |  1- 3 |  4- 6 |  7- 9 | 10-12 | 13-15 | 16-18 || total
-------------------------+-------+-------+-------+-------+-------+-------++-------
Melee: Hand axe          |    61 |   111 |   307 |       |       |       ||   479
       Headbutt          |     9 |    22 |    85 |   131 |   249 |   279 ||   775
       Long sword        |       |       |     4 |       |       |       ||     4
       War axe           |       |       |   143 |   411 |       |       ||   554
       Broad axe         |       |       |       |   261 |  1020 |   844 ||  2125
       Kick              |       |       |       |       |       |   418 ||   418
Invok: Berserk           |     1 |     1 |     4 |    11 |     8 |     5 ||    30
       Trog's Hand       |       |     4 |     8 |    12 |     7 |    10 ||    41
       Burn Spellbooks   |       |       |       |     1 |     6 |     3 ||    10
       Brothers in Arms  |       |       |       |     1 |       |     1 ||     2
Evoke: Wand              |       |       |     9 |    25 |    21 |       ||    55
  Use: Potion            |       |     5 |     2 |    16 |     5 |     8 ||    36
       Scroll            |       |       |    13 |    12 |    11 |     7 ||    43
 Stab: Paralysed         |       |       |     1 |     7 |       |       ||     8
       Distracted        |       |       |       |       |       |     2 ||     2
       Sleeping          |       |       |       |       |       |     1 ||     1
  Eat: Chunk             |     1 |     7 |    18 |    57 |    36 |    28 ||   147
       Pizza             |       |       |     1 |     1 |       |     6 ||     8
       Fruit             |       |       |    10 |       |       |       ||    10
       Beef jerky        |       |       |     3 |       |       |       ||     3
       Royal jelly       |       |       |       |     3 |     4 |     1 ||     8
       Bread ration      |       |       |       |       |       |     1 ||     1
Armor: Animal skin       |     5 |       |       |       |       |       ||     5
       Leather armour    |     6 |    13 |       |       |       |       ||    19
       Chain mail        |       |    24 |    71 |       |       |       ||    95
       Scale mail        |       |       |    72 |   123 |   184 |    95 ||   474
Dodge: Dodged            |    35 |    82 |   111 |   128 |   190 |   214 ||   760
Block: Shield            |       |     7 |   131 |       |       |       ||   138
       Large shield      |       |       |    93 |   474 |   764 |   792 ||  2123
